 Dungeon Crawl Stone Soup version 0.28-a0-1594-ga885d4b3d6 (webtiles) character file.

Game seed: 11153166984018627503

382168 Armakuni the Slayer (level 23, -6/200 HPs)
             Began as a Human Fighter on Jan 18, 2022.
             Was a High Priest of the Shining One (penitent).
             Mangled by a hell knight (7 damage)
             ... on level 1 of the Vaults on Jan 20, 2022.
             The game lasted 02:33:29 (55799 turns).

Armakuni the Slayer (Human Fighter)                Turns: 55799, Time: 02:33:30

Health: -6/200     AC: 25    Str: 22    XL:     23   Next: 99%
Magic:  29/43      EV: 16    Int: 15    God:    the Shining One [*]
Gold:   4977       SH:  0    Dex: 13    Spells: 12/22 levels left

rFire   + + +      SeeInvis +   a - +8 storm bow {elec, penet}
rCold   + + .      Faith    .   (shield currently unavailable)
rNeg    + + .      Spirit   .   G - +2 fire dragon scales
rPois   +          Reflect  .   o - +0 mask of the Dragon {Will+ Slay+3 SInv}
rElec   .          Harm     .   F - scarf {rC+ rF+}
rCorr   .          Rampage  .   N - +2 pair of gloves {infuse}
Will    ++++.                   E - +2 pair of boots {Fly}
Stlth   ..........              R - amulet "Zedavel" {Regen+ MP+9 Dex+3}
HPRegen 1.23/turn               A - ring of Yddofa {rC++ Will+ AC+4 Int+2 Dex-4}
MPRegen 0.28/turn               P - ring "Caunyech" {rPois Will+ SInv}

@: flying
A: no striking features
}: 2/15 runes: serpentine, barnacled
a: Renounce Religion


You were on level 1 of the Vaults.
You worshipped the Shining One.
The Shining One was demanding penance.
You visited 9 branches of the dungeon, and saw 40 of its levels.
You visited the Abyss 1 time.
You also visited: Gauntlet and Ice Cave.

You collected 5561 gold pieces.
You spent 584 gold pieces at shops.

Inventory:

Hand Weapons
 a - the +8 storm bow (weapon) {elec, penet}
   (You took it off a minotaur in a Gauntlet)

   Any ammunition fired from it occasionally discharges a powerful burst of
   electricity upon striking a foe.
   Any ammunition fired by it passes through the targets it hits, potentially
   hitting all targets in its path until it reaches maximum range.
 b - a +4 executioner's axe of holy wrath
 e - the +8 battleaxe of Distraction {flame, rElec rC+ rN+}
   (You found it on level 3 of the Lair of Beasts)

   It burns those it strikes, dealing additional fire damage.
   Big, fiery blades are also staple armaments of hydra-hunters.
   rC:        It protects you from cold.
   rElec:     It insulates you from electricity.
   rN:        It protects you from negative energy.
Missiles
 x - 11 curare-tipped darts
 z - 6 throwing nets
 S - 675 arrows (quivered ammo)
Armour
 o - the +0 mask of the Dragon (worn) {Will+ Slay+3 SInv}
   (You found it on level 3 of the Depths)

   Slay:      It affects your accuracy & damage with ranged weapons and melee
   (+3).
   SInv:      It lets you see invisible.
   Will:      It increases your willpower.
 E - a +2 pair of boots of flying (worn)
 F - a scarf of resistance (worn)
 G - +2 fire dragon scales (worn)
 N - a +2 pair of gloves of infusion (worn)
Jewellery
 A - the ring of Yddofa (left hand) {rC++ Will+ AC+4 Int+2 Dex-4}
   (You took it off a spriggan berserker on level 2 of the Depths)

   [ring of protection]

   AC:        It affects your AC (+4).
   Int:       It affects your intelligence (+2).
   Dex:       It affects your dexterity (-4).
   rC:        It greatly protects you from cold.
   Will:      It increases your willpower.
 P - the ring "Caunyech" (right hand) {rPois Will+ SInv}
   (You found it on level 2 of the Depths)

   [ring of poison resistance]

   rPois:     It protects you from poison.
   SInv:      It lets you see invisible.
   Will:      It increases your willpower.
 R - the amulet "Zedavel" (around neck) {Regen+ MP+9 Dex+3}
   (You found it on level 3 of the Elven Halls)

   [amulet of regeneration]

   Dex:       It affects your dexterity (+3).
   MP:        It affects your magic capacity (+9).
   Regen:     It increases your rate of health regeneration.
Wands
 h - a wand of acid (12)
 k - a wand of digging (23)
 q - a wand of iceblast (5)
 v - a wand of flame (52)
 M - a wand of paralysis (12)
Scrolls
 g - 5 scrolls of fog
 j - 6 scrolls of noise
 n - 2 scrolls of silence
 r - 7 scrolls of vulnerability
 s - 18 scrolls of teleportation
 w - 5 scrolls of amnesia
 y - 9 scrolls of fear
 I - 3 scrolls of immolation
 J - a scroll of holy word
 O - 2 scrolls of blinking
 Z - 3 scrolls of magic mapping
Potions
 d - 5 potions of might
 f - 4 potions of haste
 l - 4 potions of heal wounds
 u - 6 potions of lignification
 B - 10 potions of mutation
 C - 4 potions of attraction
 H - 19 potions of curing
 K - a potion of cancellation
 L - 3 potions of ambrosia
 Q - 5 potions of flight
 T - 6 potions of brilliance
 U - 5 potions of magic
 W - 2 potions of berserk rage
 X - 2 potions of resistance
Miscellaneous
 m - a phantom mirror
 p - a box of beasts
 t - a tin of tremorstones (inert)


   Skills:
 - Level 21.2 Fighting
 - Level 18.7(18.9) Axes
 - Level 4.4(13.3) Maces & Flails
 - Level 4.1(5.0) Staves
 - Level 5.0 Slings
 - Level 20.0 Bows
 - Level 12.3 Armour
 - Level 16.4 Dodging
 - Level 4.0 Shields
 - Level 13.9 Transmutations
 + Level 15.4 Invocations


You had 12 spell levels left.
You knew the following spells:

 Your Spells              Type           Power      Damage    Failure   Level
a - Apportation           Tloc           0%         N/A       54%         1
b - Blink                 Tloc           0%         N/A       69%         2
m - Manifold Assault      Tloc           0%         N/A       100%        5
w - Wereblood             Tmut           41%        N/A       1%          2

Your spell library contained the following spells:

 Spells                   Type           Power      Damage    Failure   Level
 Beastly Appendage        Tmut           82%        N/A       1%          1
 Blade Hands              Tmut           20%        N/A       6%          5
 Spider Form              Tmut/Pois      20%        N/A       12%         3
 Ice Form                 Ice/Tmut       20%        N/A       36%         4
 Petrify                  Tmut/Erth      20%        N/A       36%         4
 Foxfire                  Conj/Fire      0%         2x1d4     54%         1
 Freeze                   Ice            0%         1d3       54%         1
 Magic Dart               Conj           0%         1d3       54%         1
 Slow                     Hex            0%         N/A       54%         1
 Ensorcelled Hibernation  Hex/Ice        0%         N/A       69%         2
 Scorch                   Fire           0%         2d5       69%         2
 Searing Ray              Conj           0%         2d4       69%         2
 Alistair's Intoxication  Tmut/Pois      13%        N/A       71%         5
 Irradiate                Conj/Tmut      10%        3d17      71%         5
 Yara's Violent Unravell  Hex/Tmut       10%        3d6       71%         5
 Dragon Form              Tmut           20%        N/A       88%         7
 Conjure Flame            Conj/Fire      0%         6-21      89%         3
 Frozen Ramparts          Ice            0%         1d2       89%         3
 Gell's Gravitas          Tloc           0%         N/A       89%         3
 Inner Flame              Hex/Fire       0%         N/A       89%         3
 Ozocubu's Armour         Ice            0%         N/A       89%         3
 Stone Arrow              Conj/Erth      0%         3d7       89%         3
 Summon Guardian Golem    Hex/Summ       0%         N/A       89%         3
 Teleport Other           Tloc           0%         N/A       89%         3
 Tukima's Dance           Hex            0%         N/A       89%         3
 Statue Form              Tmut/Erth      13%        N/A       99%         6
 Anguish                  Hex/Necr       0%         N/A       100%        4
 Cause Fear               Hex            0%         N/A       100%        4
 Flame Wave               Conj/Fire      0%         2d4       100%        4
 Fulminant Prism          Conj/Hex       0%         3d6       100%        4
 Hailstorm                Conj/Ice       0%         3d3       100%        4
 Olgreb's Toxic Radiance  Pois           0%         N/A       100%        4
 Passage of Golubria      Tloc           0%         N/A       100%        4
 Summon Ice Beast         Ice/Summ       0%         N/A       100%        4
 Metabolic Englaciation   Hex/Ice        0%         N/A       100%        5
 Summon Mana Viper        Hex/Summ       0%         N/A       100%        5
 Dispersal                Tloc           0%         N/A       100%        6
 Simulacrum               Ice/Necr       0%         N/A       100%        6
 Summon Cactus Giant      Summ           0%         N/A       100%        6
 Monstrous Menagerie      Summ           0%         N/A       100%        7
 Orb of Destruction       Conj           0%         9d5       100%        7
 Ozocubu's Refrigeration  Ice            0%         4d5       100%        7
 Spellforged Servitor     Conj/Summ      0%         N/A       100%        7
 Storm Form               Tmut/Air       10%        N/A       100%        7
 Discord                  Hex            0%         N/A       100%        8
 Disjunction              Tloc           0%         N/A       100%        8
 Ignition                 Fire           0%         3d3       100%        8
 Dragon's Call            Summ           0%         N/A       100%        9


Dungeon Overview and Level Annotations

Branches:
Dungeon (15/15)            Temple (1/1) D:5            Lair (6/6) D:11
 Shoals (4/4) Lair:2        Snake (4/4) Lair:4        Slime (0/5) Lair:6
    Orc (2/2) D:10            Elf (3/3) Orc:2        Vaults (1/5) D:14
 Depths (4/4) D:15            Zot (0/5) Depths:4      IceCv (visited)
Gauntlet (visited)

Altars:
Ashenzari
Cheibriados
Dithmenos
Elyvilon
Fedhas
Gozag
Hepliaklqana
Kikubaaqudgha
Makhleb
Nemelex Xobeh
Okawaru
Qazlal
Ru
Sif Muna
Trog
Uskayaw
Vehumet
Wu Jian
Xom
Yredelemnul
Zin
The Shining One

Shops:
Orc:1 :   Orc:2 !:?(   Elf:2 (

Portals:
Hell: Depths:1 Depths:2 Depths:3 Depths:4
Abyss: Snake:4 Depths:1 Depths:3 Depths:4
Pandemonium: Orc:2 Depths:2
Ziggurat: Depths:2
Trove: Vaults:1 (give +5 ice dragon scales)

Annotations:
D:6 3 runed translucent doors, ThereIsNoGod's ghost, novice DsAK


Message History

* * * LOW HITPOINT WARNING * * *
A hell knight opens the door.
The hell knight barely misses you.
The hell knight hits you from afar with a +3 vorpal demon trident.
* * * LOW HITPOINT WARNING * * *
x2 The hell knight hits you but does no damage.
The hell knight hits you with a +0 war axe!
* * * LOW HITPOINT WARNING * * *
The slime creature is engulfed in blazing flames.
Unknown command.
Okay, then.
Unknown command.
Fire: 676 arrows
Press: ? - help, Q - select action, (/) - cycle Shift-Dir - straight line, f - hell knight, p - hell knight
Aim: a hell knight, wielding a +4 vorpal demon trident and wearing a +0 plate armour (fast, inner flame, 84% to hit)
You shoot an arrow.
The arrow pierces through the hell knight!!
Flame seeps out of the hell knight.
Lightning courses through the hell knight!
Flame seeps out of the hell knight.
The hell knight is heavily wounded.
The arrow pierces through the hell knight!!
The hell knight explodes!
The fiery explosion engulfs the hell knight.
The hell knight completely resists.
The hell knight is moderately wounded.
The fiery explosion engulfs the hell knight.
The hell knight completely resists.
The fiery explosion engulfs the hell knight.
The hell knight completely resists.
The hell knight is heavily wounded.
The hell knight's inner flame fades away.
The hell knight barely misses you.
The hell knight hits you with a +2 broad axe.
* * * LOW HITPOINT WARNING * * *
The slime creature is engulfed in blazing flames.
The hell knight hits you from afar with a +3 vorpal demon trident!
* * * LOW HITPOINT WARNING * * *
The Shining One protects you from harm!
The hell knight hits you with a +0 war axe!
You die...

#######################
.......................
.......................
...........###'#######.
...........# #..# #.
...........###..#### ##
...........#..#'#..# #.
##########...#..#.'..# #)
#......p@#)..######'####.
#......p.#...# #..'.#..#.
#.§§§§ppp§...# #..#'#..'.
#(§)§§)§p#...# ####..####
#.§§§§J.§#...# #..#
#..((§§.(#...###########
#########J####.............#
.......2c§§.#..............#
.......J....#..............#


You could see 6 hell knights, 2 slime creatures and a yaktaur (summoned).

Vanquished Creatures
  2 juggernauts
  Nikola (Depths:2)
  A hellephant (Vaults:1)
  A tentacled monstrosity (Depths:4)
  A Hell Sentinel (Snake:4)
  2 quicksilver dragons
  A walking divine tome (Depths:2)
  2 liches (Depths:2)
  4 deep elf blademasters
  A titan (Depths:2)
  A deep elf master archer (Elf:3)
  2 krakens (Shoals:2)
  Kirke (D:15)
  A tengu reaver (Depths:2)
  3 tentacled starspawn
  4 shadow dragons
  Donald (Elf:2)
  A storm dragon (Depths:2)
  3 fire giants
  The ghost of Yfogigguola the Slicer, an adept HaHu of Okawaru (Shoals:3)
  5 frost giants
  6 nagarajas
  A cacodemon (Snake:4)
  Aizul (Snake:1)
  An iron dragon (Depths:4)
  3 deep elf sorcerers (Elf:3)
  The ghost of qborf the Spry, an adept SpEn of Gozag (Snake:4)
  A vault warden (Vaults:1)
  A draconian shifter (Depths:4)
  4 draconian stormcallers (Depths:4)
  The ghost of Taru the Blocker, a journeyman FoFi of Hepliaklqana (Orc:1)
  An orc warlord (Orc:2)
  An ironbound preserver (Vaults:1)
  7 deep elf elementalists
  The ghost of Ecoseuz the Stormcaller, a journeyman DrAE of Ignis (Lair:3)
  5 stone giants
  An ironbound thunderhulk (Vaults:1)
  10 very ugly things
  A black draconian (Depths:4)
  A lorocyproca (Abyss:2)
  6 deep elf demonologists
  7 deep elf annihilators (Elf:3)
  8 dire elephants (Vaults:1)
  The ghost of Awoloil the Tainter, a journeyman TeAE of Ashenzari (Lair:6)
  A yellow draconian (Depths:4)
  2 red draconians (Depths:4)
  8 spark wasps
  A minotaur (Gauntlet)
  3 deep elf death magi (Elf:3)
  A yaktaur captain (Vaults:1)
  Josephine (D:10)
  The ghost of bmj180 the Spear-Bearer, a journeyman MfIE of Vehumet (D:13)
  2 ettins
  2 jiangshi (Depths:1)
  13 merfolk impalers
  8 merfolk javelineers
  3 deep elf high priests
  5 great orbs of eyes
  6 fire dragons
  9 hydras
  A vault guard (Vaults:1)
  3 ice dragons
  Erolcha (D:13)
  3 rakshasas
  Harold (Lair:2)
  15 naga warriors
  Fannar (Lair:3)
  8 salamander tyrants
  Erica (D:9)
  A spriggan air mage (Depths:2)
  2 merfolk avatars
  4 boulder beetles
  5 satyrs
  A death knight (D:13)
  An alligator snapping turtle (Shoals:3)
  5 centaur warriors
  5 two-headed ogres
  An ironbound frostheart (Vaults:1)
  2 demonspawn (Orc:2)
  32 dancing weapons
  6 merfolk aquamancers
  7 anacondas
  16 death yaks
  10 deep troll earth magi
  A thrashing horror (Abyss:2)
  2 vampire magi
  2 deep troll shamans (Depths:1)
  3 tengu warriors
  4 orc high priests (Orc:2)
  7 shock serpents
  12 naga sharpshooters
  17 deep elf knights
  Sonja (Orc:2)
  2 spriggan berserkers
  11 hell knights
  4 skeletal warriors
  2 wretched stars
  13 salamander mystics
  10 iron trolls
  An orange crystal statue (D:8)
  7 sea snakes
  A glowing orange brain (Depths:2)
  20 deep trolls
  10 deep elf archers
  3 wizards
  5 naga ritualists
  7 ironbound convokers (Vaults:1)
  A sphinx zombie (Depths:3)
  A lindwurm (Lair:5)
  45 harpies
  21 deep elf zephyrmancers
  14 orc knights
  27 deep elf pyromancers
  12 ugly things
  4 mana vipers
  A frost giant zombie (Depths:1)
  4 necromancers
  8 oklob plants
  13 orc sorcerers
  10 fauns
  2 worldbinders
  13 cyclopes
  17 manticores
  An elephant (Lair:5)
  A shadow dragon skeleton (Depths:3)
  2 ice statues
  2 moths of wrath (Shoals:3)
  30 salamanders
  2 frost giant skeletons
  8 merfolk sirens
  4 guardian serpents
  21 naga magi
  5 vault sentinels (Vaults:1)
  A water nymph (Shoals:4)
  2 gargoyles
  A molten gargoyle (Depths:3)
  34 black mambas
  A torpor snail (Lair:5)
  2 kobold demonologists
  11 cane toads
  A komodo dragon (shapeshifter) (Elf:3)
  13 rime drakes
  3 tengu conjurers
  An efreet (D:14)
  A minotaur zombie (Gauntlet)
  6 komodo dragons
  A freezing wraith (Abyss:2)
  4 yaktaurs (Vaults:1)
  2 ice devils
  A queen bee (Lair:5)
  A meliai (shapeshifter) (D:14)
  A red devil (Orc:2)
  7 hornets
  6 meliai
  An ancient zyme (Abyss:2)
  10 trolls
  A tengu simulacrum (Depths:3)
  4 slime creatures
  8 polar bears
  43 merfolk
  2 raiju
  Prince Ribbit (D:6)
  6 blink frogs
  3 wind drakes
  18 dream sheep
  2 spriggan zombies
  12 snapping turtles
  3 air elementals
  A stone giant simulacrum (Depths:1)
  3 large abominations
  14 spriggans (Lair:6)
  A ynoxinul (Abyss:2)
  8 wyverns
  A vampire (D:10)
  45 water elementals
  A centaur simulacrum (D:15)
  6 wraiths
  58 yaks
  10 basilisks
  2 hogs (D:15)
  3 chaos spawn
  A neqoxec (Abyss:2)
  6 vampire mosquitoes
  4 wargs
  Menkaure (D:6)
  5 steam dragons
  38 nagas
  3 acid dragons
  A floating eye (shapeshifter) (Vaults:1)
  A floating eye (Depths:2)
  4 sky beasts
  10 water moccasins
  3 ice beasts
  46 orc warriors
  6 black bears
  7 ogres
  27 wolves
  2 necrophages
  3 boggarts (Lair:6)
  8 centaurs
  3 phantoms
  8 kobold brigands
  11 bullfrogs
  2 earth elementals (Elf:1)
  4 scorpions
  39 killer bees
  9 howler monkeys
  9 wights (D:7)
  4 electric eels (D:15)
  A bullfrog zombie (D:6)
  3 lava snakes (D:8)
  5 hounds
  A jelly (D:6)
  2 centaur zombies
  2 small abominations (Abyss:2)
  3 bullfrog skeletons
  29 orc priests
  4 gnoll shamans
  2 centaur skeletons
  6 iguanas
  25 orc wizards
  A hell rat (Lair:5)
  A hound skeleton (D:4)
  3 howler monkey skeletons
  4 gnolls
  9 adders
  A river rat (Lair:5)
  5 white imps
  An ufetubus (D:7)
  3 adder skeletons
  A worm (D:4)
  A dart slug (D:4)
  94 orcs
  6 bats
  An endoplasm (D:2)
  2 giant cockroaches
  5 hobgoblins
  9 quokkas
  8 ball pythons
  4 frilled lizards
  5 goblins
  20 kobolds
  A rat (D:2)
  3 starspawn tentacles
  3 tentacles (Shoals:2)
1627 creatures vanquished.

Vanquished Creatures (collateral kills)
  2 spriggan air magi
  A dancing weapon (Elf:2)
  A hell knight (Vaults:1)
  A polar bear (IceCv)
  A killer bee (Lair:5)
  An adder (D:4)
7 creatures vanquished.

Vanquished Creatures (others)
  A merfolk aquamancer (Shoals:2)
  An ugly thing (Depths:2)
  2 water elementals
  An orc wizard (Orc:2)
  A bush (D:7)
  29 fungi
  79 plants
  4 starspawn tentacles (Abyss:2)
  9 tentacles (Shoals:2)
  5 withered plants (D:13)
132 creatures vanquished.

Grand Total: 1766 creatures vanquished

Notes
Turn   | Place    | Note
-------+----------+-------------------------------------------
     0 | D:1      | Armakuni the Human Fighter began the quest for the Orb.
     0 | D:1      | Reached XP level 1. HP: 18/18 MP: 1/1
   644 | D:1      | Reached XP level 2. HP: 24/24 MP: 2/2
   657 | D:1      | Found a faded altar of an unknown god.
  1092 | D:2      | Identified the +9 hunting sling "Moxeqiu" {speed, rElec
                  | Int+3}
  1192 | D:2      | Reached XP level 3. HP: 29/29 MP: 3/3
  1218 | D:2      | Reached skill level 1 in Slings
  1775 | D:3      | Found a bloodstained altar of Trog.
  1808 | D:3      | Reached XP level 4. HP: 35/35 MP: 4/4
  2184 | D:3      | Found the +2 ratskin cloak {*Rats rPois rN+ Str-1 Int-1
                  | Dex+1}
  2194 | D:3      | Found a glowing golden altar of the Shining One.
  2756 | D:4      | Reached XP level 5. HP: 41/41 MP: 5/5
  2820 | D:4      | Noticed a phantom
  2822 | D:4      | Reached XP level 6. HP: 47/47 MP: 6/6
  2835 | D:4      | Reached skill level 5 in Slings
  3016 | D:4      | Noticed an ogre
  3025 | D:4      | Killed an ogre
  3026 | D:4      | Reached skill level 4 in Fighting
  3026 | D:4      | Reached XP level 7. HP: 54/54 MP: 7/7
  3180 | D:3      | Became a worshipper of the Shining One
  3899 | D:4      | Identified a scroll of acquirement
  3899 | D:4      | Acquired a +6 spectral quarterstaff
  3941 | D:5      | Entered Level 5 of the Dungeon
  4059 | D:5      | Found a staircase to the Ecumenical Temple.
  4073 | Temple   | Entered the Ecumenical Temple
  4273 | D:5      | Reached skill level 5 in Fighting
  4273 | D:5      | Reached XP level 8. HP: 62/62 MP: 8/8
  4308 | D:5      | Reached skill level 5 in Armour
  4533 | D:5      | Reached skill level 6 in Fighting
  4704 | D:6      | Noticed Prince Ribbit
  4712 | D:6      | Killed Prince Ribbit
  4725 | D:6      | Reached * piety under the Shining One
  4742 | D:6      | Reached XP level 9. HP: 71/71 MP: 9/9
  4798 | D:6      | Reached skill level 7 in Fighting
  4862 | D:6      | Noticed Menkaure
  4906 | D:6      | Killed Menkaure
  5313 | D:6      | Found a snail-covered altar of Cheibriados.
  5384 | D:6      | Reached skill level 8 in Fighting
  5432 | D:6      | Noticed ThereIsNoGod's ghost (novice DsAK)
  5449 | D:6      | Noticed a boulder beetle
  5471 | D:6      | Found a runed translucent gate.
  5471 | D:6      | Found a runed translucent gate.
  5474 | D:6      | Found a runed translucent gate.
  5612 | D:6      | Reached ** piety under the Shining One
  6089 | D:7      | Reached XP level 10. HP: 82/82 MP: 10/10
  6141 | D:7      | Reached skill level 9 in Fighting
  6313 | D:7      | Reached *** piety under the Shining One
  6787 | D:8      | Noticed an orange crystal statue
  6800 | D:8      | Killed an orange crystal statue
  6807 | D:8      | Reached skill level 10 in Fighting
  6813 | D:8      | Reached skill level 10 in Armour
  7166 | D:8      | Reached skill level 1 in Dodging
  7209 | D:7      | Reached skill level 1 in Invocations
  7283 | D:7      | Noticed a manticore
  7286 | D:7      | Noticed a manticore
  7581 | D:7      | Killed a manticore
  7604 | D:7      | Killed a manticore
  7605 | D:7      | Reached skill level 5 in Invocations
  7605 | D:7      | Reached XP level 11. HP: 55/90 MP: 13/15
  7849 | D:7      | Noticed a two-headed ogre
  7877 | D:7      | Killed a two-headed ogre
  9054 | D:9      | Noticed Erica
  9064 | D:9      | Killed Erica
  9222 | D:9      | Reached skill level 5 in Dodging
  9535 | D:9      | Reached **** piety under the Shining One
 10018 | D:10     | Entered Level 10 of the Dungeon
 10224 | D:10     | Found a sacrificial altar of Ru.
 10394 | D:10     | Noticed Josephine
 10409 | D:10     | Killed Josephine
 10417 | D:10     | Reached XP level 12. HP: 97/97 MP: 18/18
 10472 | D:10     | Found a staircase to the Orcish Mines.
 10827 | D:11     | Noticed a two-headed ogre
 10836 | D:11     | Killed a two-headed ogre
 10950 | D:10     | Acquired a manual of Fighting
 11183 | D:11     | Reached skill level 10 in Invocations
 11455 | D:11     | Found a staircase to the Lair.
 11596 | D:11     | Reached skill level 11 in Fighting
 11686 | D:11     | Noticed a boulder beetle
 11705 | D:11     | Killed a boulder beetle
 12030 | D:12     | Noticed a tengu warrior
 12042 | D:12     | Killed a tengu warrior
 12371 | D:12     | Reached skill level 12 in Fighting
 13064 | D:12     | Noticed a six-headed hydra
 13064 | D:12     | Noticed a two-headed ogre
 13066 | D:12     | Noticed a centaur warrior
 13069 | D:12     | Reached skill level 13 in Fighting
 13074 | D:12     | Noticed a two-headed ogre
 13076 | D:12     | Killed a six-headed hydra
 13077 | D:12     | Reached XP level 13. HP: 93/111 MP: 5/22
 13077 | D:12     | Noticed a six-headed hydra
 13078 | D:12     | Noticed a centaur warrior
 13079 | D:12     | Killed a centaur warrior
 13085 | D:12     | Killed a centaur warrior
 13089 | D:12     | Reached skill level 14 in Fighting
 13091 | D:12     | Killed a six-headed hydra
 13684 | D:12     | Reached skill level 15 in Fighting
 13977 | D:13     | Found a large runed translucent door.
 13977 | D:13     | Found a large runed translucent door.
 13981 | D:13     | Noticed bmj180's ghost (journeyman MfIE)
 13990 | D:13     | Noticed a rakshasa
 14015 | D:13     | Killed a rakshasa
 14040 | D:13     | Killed bmj180's ghost
 14224 | D:13     | Noticed Erolcha
 14228 | D:13     | Killed Erolcha
 14229 | D:13     | Reached skill level 1 in Staves
 14235 | D:13     | Found a gate leading to a gauntlet.
 14244 | Gauntlet | Entered a Gauntlet
 14244 | Gauntlet | Found a transporter.
 14244 | Gauntlet | Found a transporter.
 14326 | Gauntlet | Found a transporter.
 14330 | Gauntlet | Found a transporter.
 14338 | Gauntlet | Found a transporter.
 14342 | Gauntlet | Found a transporter.
 14349 | Gauntlet | Noticed a blizzard demon
 14350 | Gauntlet | Found a transporter.
 14366 | Gauntlet | Found a transporter.
 14380 | Gauntlet | Found a transporter.
 14384 | Gauntlet | Found a transporter.
 14388 | Gauntlet | Found a runed translucent door.
 14388 | Gauntlet | Found a runed translucent door.
 14392 | Gauntlet | Found a transporter.
 14396 | Gauntlet | Found a transporter.
 14426 | Gauntlet | Upgraded the game from 0.28-a0-1555-g9ae15a6949 to
                  | 0.28-a0-1594-ga885d4b3d6
 14762 | Gauntlet | Identified the -5 helmet of Negation {rN+ Str+3}
 15086 | Gauntlet | Noticed a minotaur
 15104 | Gauntlet | Killed a minotaur
 15385 | D:13     | Noticed an eight-headed hydra
 15400 | D:13     | Killed an eight-headed hydra
 16411 | Lair:1   | Entered Level 1 of the Lair of Beasts
 16630 | Lair:1   | Reached skill level 1 in Bows
 16638 | Lair:1   | Reached XP level 14. HP: 123/123 MP: 24/24
 17574 | Lair:2   | Found a staircase to the Shoals.
 17691 | Lair:1   | Reached skill level 5 in Bows
 17979 | Lair:2   | Noticed Harold
 17997 | Lair:2   | Killed Harold
 18191 | Lair:2   | Identified the +4 leather armour of Words of Power {Harm}
 18873 | Lair:3   | Noticed Fannar
 18895 | Lair:3   | Killed Fannar
 19085 | Lair:3   | Found a frozen archway.
 19095 | IceCv    | Entered an ice cave
 19462 | IceCv    | Noticed a frost giant
 19497 | IceCv    | Reached skill level 10 in Bows
 19497 | IceCv    | Killed a frost giant
 19736 | IceCv    | Found the +4 skin of Zhor {*Englaciate rC+++ SInv}
 20352 | Lair:3   | Found a runed translucent door.
 20357 | Lair:3   | Noticed Ecoseuz's ghost (journeyman DrAE)
 20367 | Lair:3   | Killed Ecoseuz's ghost
 20375 | Lair:3   | Identified the +8 battleaxe of Distraction {flame, rElec
                  | rC+ rN+}
 20407 | Lair:3   | Reached XP level 15. HP: 87/129 MP: 25/25
 20773 | Lair:3   | You fall into a shaft and drop 3 floors!
 20773 | Lair:6   | Entered Level 6 of the Lair of Beasts
 21023 | Lair:6   | Found a staircase to the Slime Pits.
 21800 | Lair:6   | Found a runed translucent door.
 21808 | Lair:6   | Noticed Awoloil's ghost (journeyman TeAE)
 22614 | Lair:4   | Found a staircase to the Snake Pit.
 24065 | Lair:5   | Reached skill level 15 in Bows
 24100 | Lair:5   | Reached XP level 16. HP: 45/136 MP: 26/26
 25241 | Lair:5   | Reached ***** piety under the Shining One
 25725 | Lair:6   | Killed Awoloil's ghost
 26228 | Orc:1    | Entered Level 1 of the Orcish Mines
 26369 | Orc:1    | Noticed Taru's ghost (journeyman FoFi)
 26535 | Orc:1    | Found a transporter.
 26557 | Orc:1    | Found a transporter.
 26571 | Orc:1    | Found Ippaed's Book Emporium.
 26782 | Orc:1    | Killed Taru's ghost
 26958 | Orc:2    | Entered Level 2 of the Orcish Mines
 27140 | Orc:2    | Noticed Sonja
 27151 | Orc:2    | Killed Sonja
 27503 | Orc:2    | Found a staircase to the Elven Halls.
 27575 | Orc:2    | Found Paamyrgh's Distillery.
 27685 | Orc:2    | Found Joell's Magic Scroll Shoppe.
 27703 | Orc:2    | Bought a potion of mutation for 112 gold pieces
 27703 | Orc:2    | Bought a potion of mutation for 112 gold pieces
 27703 | Orc:2    | Bought a potion of magic for 112 gold pieces
 27703 | Orc:2    | Bought a potion of heal wounds for 70 gold pieces
 27703 | Orc:2    | Bought a potion of haste for 140 gold pieces
 27707 | Orc:2    | Bought a scroll of fear for 38 gold pieces
 27798 | Orc:2    | Paralysed by an orc sorcerer for 6 turns
 28000 | Orc:2    | Found Vaqock's Book Shop.
 28000 | Orc:2    | Found Rafupum's Antique Weapon Boutique.
 28001 | Orc:2    | Found a one-way gate leading to the halls of Pandemonium.
 28781 | D:13     | Identified the +0 long sword "Coki" {pain, *Corrode rElec
                  | Will+ Str+4 Dex+2}
 29160 | D:13     | Found an ancient bone altar of Kikubaaqudgha.
 29274 | D:13     | Reached XP level 17. HP: 142/142 MP: 27/27
 29902 | D:14     | Found a gate to the Vaults.
 30313 | D:15     | Entered Level 15 of the Dungeon
 30392 | D:15     | Reached ****** piety under the Shining One
 30579 | D:15     | Found a radiant altar of Vehumet.
 30746 | D:15     | Found a staircase to the Depths.
 31338 | D:15     | Noticed Kirke
 31349 | D:15     | Killed Kirke
 31637 | Depths:1 | Entered Level 1 of the Depths
 31637 | Depths:1 | Found a one-way gate to the infinite horrors of the Abyss.
 32002 | Depths:1 | Reached skill level 16 in Fighting
 32365 | Depths:1 | Reached skill level 17 in Fighting
 32402 | Depths:1 | Found a gateway to Hell.
 32664 | Depths:1 | Cast into level 2 of the Abyss (a wizard)
 32667 | Abyss:2  | Noticed a tentacled starspawn
 32671 | Abyss:2  | Killed a tentacled starspawn
 32744 | Abyss:2  | Noticed a profane servitor
 32774 | Abyss:2  | Noticed a tentacled starspawn
 32946 | Abyss:2  | Noticed a tentacled starspawn
 32953 | Abyss:2  | Killed a tentacled starspawn
 33228 | Depths:1 | Escaped the Abyss
 33247 | Depths:1 | Reached XP level 18. HP: 102/124 MP: 28/28
 33703 | Depths:2 | Found a one-way gateway to a ziggurat.
 33705 | Depths:2 | Noticed Nikola
 33732 | Depths:2 | Killed Nikola
 34377 | Depths:2 | Found a stormy altar of Qazlal.
 34510 | Depths:2 | Noticed a quicksilver dragon
 34520 | Depths:2 | Killed a quicksilver dragon
 34531 | Depths:2 | Noticed a lich
 34536 | Depths:2 | Killed a lich
 35253 | Depths:2 | Acquired a scarf of resistance
 35487 | Depths:2 | Noticed a titan
 35495 | Depths:2 | Killed a titan
 35549 | Depths:2 | Noticed a juggernaut
 35550 | Depths:2 | Reached skill level 10 in Dodging
 35563 | Depths:2 | Killed a juggernaut
 35568 | Depths:2 | Identified the ring of Lozimiot {Fire Dex+5}
 35608 | Depths:2 | Noticed a lich
 35614 | Depths:2 | Killed a lich
 35635 | Depths:2 | Identified the ring of Yddofa {rC++ Will+ AC+4 Int+2 Dex-4}
 35640 | Depths:2 | Noticed a walking divine tome
 35646 | Depths:2 | Killed a walking divine tome
 35741 | Depths:2 | Identified the ring "Caunyech" {rPois Will+ SInv}
 35750 | Depths:2 | Identified the amulet "Tuonengovi" {Acrobat Str+3 Dex+4}
 35794 | Depths:2 | Found a runed translucent door.
 35805 | Depths:2 | Found a runed translucent door.
 36271 | Depths:3 | Reached skill level 1 in Axes
 36310 | Depths:3 | Found an opulent altar of Gozag.
 37236 | Depths:3 | Reached skill level 5 in Axes
 37399 | Depths:3 | Found the +0 mask of the Dragon {Will+ Slay+3 SInv}
 37410 | Depths:3 | Reached XP level 19. HP: 140/161 MP: 23/29
 37538 | Depths:4 | Entered Level 4 of the Depths
 37634 | Depths:4 | Noticed a juggernaut
 37650 | Depths:4 | Killed a juggernaut
 37691 | Depths:4 | Found a gate to the Realm of Zot.
 37743 | Depths:4 | Learned a level 2 spell: Blink
 37872 | Depths:4 | Noticed a tentacled monstrosity
 37883 | Depths:4 | Killed a tentacled monstrosity
 38611 | Depths:4 | Reached skill level 10 in Axes
 39570 | Snake:1  | Entered Level 1 of the Snake Pit
 40585 | Snake:1  | Noticed Aizul
 40596 | Snake:1  | Killed Aizul
 41319 | Snake:1  | Reached XP level 20. HP: 106/168 MP: 23/30
 42811 | Snake:2  | HP: 8/168 [salamander (2)]
 43723 | Snake:3  | Found a radiant altar of Vehumet.
 44304 | Snake:4  | Entered Level 4 of the Snake Pit
 44469 | Snake:4  | Noticed qborf's ghost (adept SpEn)
 44481 | Snake:4  | Found a transporter.
 44485 | Snake:4  | Noticed a Hell Sentinel
 44499 | Snake:4  | Found a transporter.
 44501 | Snake:4  | Identified the +1 quarterstaff of Fate {vorpal, rPois rC-
                  | rCorr Stlth+}
 44781 | Snake:4  | Reached skill level 15 in Axes
 45789 | Snake:4  | Reached XP level 21. HP: 174/174 MP: 31/31
 45863 | Snake:4  | Got a serpentine rune of Zot
 46051 | Snake:4  | Killed qborf's ghost
 46363 | Shoals:1 | Entered Level 1 of the Shoals
 46369 | Shoals:1 | Identified the +2 whip of Popular Demand {flame, Stlth+}
 48655 | Shoals:3 | Learned a level 2 spell: Wereblood
 48968 | Shoals:3 | Found a transporter.
 48968 | Shoals:3 | Found a transporter.
 48977 | Shoals:3 | Found a bloodstained altar of Trog.
 48988 | Shoals:3 | Noticed Yfogigguola's ghost (adept HaHu)
 49009 | Shoals:3 | Killed Yfogigguola's ghost
 49026 | Shoals:3 | Identified the -2 pair of gloves "Zuom" {rC++}
 49282 | Shoals:3 | Reached XP level 22. HP: 182/182 MP: 32/32
 49596 | Shoals:4 | Entered Level 4 of the Shoals
 49672 | Shoals:4 | Reached skill level 15 in Dodging
 49765 | Shoals:4 | Got the Compendium of Dusty Hexes
 49916 | Shoals:4 | Got a barnacled rune of Zot
 50093 | Shoals:4 | Reached skill level 18 in Fighting
 50828 | Elf:1    | Entered Level 1 of the Elven Halls
 51186 | Elf:1    | Reached skill level 19 in Fighting
 51714 | Elf:1    | Found a runed translucent gate.
 51714 | Elf:1    | Found a runed translucent gate.
 51714 | Elf:1    | Found a runed translucent gate.
 51714 | Elf:1    | Found a runed translucent gate.
 51714 | Elf:1    | Found a runed translucent gate.
 51715 | Elf:1    | Found a runed translucent gate.
 51765 | Elf:1    | Reached skill level 20 in Fighting
 52011 | Elf:2    | Found Fuar's Weapon Shoppe.
 52359 | Elf:2    | Found a runed translucent gate.
 52359 | Elf:2    | Found a runed translucent gate.
 52359 | Elf:2    | Found a runed translucent gate.
 52679 | Elf:2    | Paralysed by an air elemental for 1 turns
 52704 | Elf:2    | Reached skill level 21 in Fighting
 52814 | Elf:2    | Noticed Donald
 52825 | Elf:2    | Killed Donald
 52919 | Elf:2    | Reached skill level 1 in Transmutations
 52919 | Elf:2    | Reached XP level 23. HP: 165/200 MP: 33/33
 53013 | Elf:2    | Identified a +3 executioner's axe of holy wrath (a +1
                  | executioner's axe of distortion blessed by the Shining One)
 53013 | Elf:2    | Received a gift from the Shining One
 53095 | Elf:2    | Reached skill level 5 in Transmutations
 53309 | Elf:3    | Entered Level 3 of the Elven Halls
 53551 | Elf:3    | Reached skill level 10 in Transmutations
 54207 | Elf:3    | Identified the +2 leather armour of Luxkuamm {rPois Will+
                  | rCorr Str-2}
 54208 | Elf:3    | Identified the amulet "Zedavel" {Regen+ MP+9 Dex+3}
 54254 | Elf:3    | Identified the +5 dagger of the Spider Nest {vorpal, rC-
                  | Str+3 Int-3 Dex+10}
 54263 | Elf:3    | Identified the +6 glaive of Guik {pain, +Blink rC+ Int+2
                  | Dex+3}
 54296 | Elf:3    | Identified the +7 hand axe "Jellyslayer" {vorpal, +Blink}
 54306 | Elf:3    | Identified the +2 mace "Erur" {pain, Dex+6}
 54325 | Elf:3    | Identified the +5 dagger of Generosity {vorpal, Dex+6}
 54708 | Vaults:1 | Entered Level 1 of the Vaults
 54711 | Vaults:1 | Learned a level 1 spell: Apportation
 54717 | Vaults:1 | Learned a level 5 spell: Manifold Assault
 55586 | Vaults:1 | Found a portal to a secret trove of treasure.
 55626 | Vaults:1 | Reached skill level 15 in Invocations
 55742 | Vaults:1 | Found a huge runed gate.
 55742 | Vaults:1 | Found a huge runed gate.
 55742 | Vaults:1 | Found a huge runed gate.
 55742 | Vaults:1 | Found a huge runed gate.
 55742 | Vaults:1 | Found a huge runed gate.
 55742 | Vaults:1 | Found a huge runed gate.
 55761 | Vaults:1 | Found a huge runed gate.
 55761 | Vaults:1 | Found a huge runed gate.
 55787 | Vaults:1 | HP: 10/200 [balrug/divine providence (10)]
 55794 | Vaults:1 | Was placed under penance by the Shining One
 55799 | Vaults:1 | HP: 9/200 [hell knight (6)]
 55799 | Vaults:1 | HP: 1/200 [hell knight (8)]
 55799 | Vaults:1 | The Shining One protects you from harm!
 55799 | Vaults:1 | Mangled by a hell knight

Illustrated notes

Levels and vault maps discovered:
D:1:      shiori_shiawase, layout_basic,
          dreamdust_ecumenical_altar_angels_and_demons, serial_rivers,
          chequers_serial_rivers_large_a, chequers_serial_rivers_small_3,
          chequers_serial_rivers_micro_d, chequers_serial_rivers_small_b
D:2:      layout_basic, kennysheep_path_1
D:3:      layout_basic, nicolae_tso_swordbearing_angel,
          mainiacjoe_overflow_24_doors
D:4:      layout_loops_ring, minmay_starry_boxes
D:5:      layout_loops_ring, minmay_temple_entry_mini_moons
D:6:      layout_rooms, mainiacjoe_overflow_cross_hatched,
          gammafunk_ghost_split, minmay_quadrilaterals, uniq_menkaure,
          uniq_prince_ribbit1
D:7:      minmay_klotski, layout_loops_ring, minmay_manual_macuahuitl
D:8:      layout_layer_cave, disabler_island
D:9:      layout_basic, uniq_erica
D:10:     layout_irregular_city, marbit_many_paths, orc_0_dummy, uniq_josephine
D:11:     layout_cave_pools, minmay_lair_entry_grove
D:12:     layout_stronghold, drop_trap, minmay_pinched_square
D:13:     layout_loops_ring, gauntlet_entry_generic,
          ebering_ghost_disaster_area, minmay_misc_feat_four_crosses,
          kiku_gazebo_garden_becter, uniq_erolcha
D:14:     layout_loops_cross, erik_vaults_1, minmay_misc_feat_rows,
          grunt_ministairs_13, minmay_unpleasant_kobolds
D:15:     grunt_enter_depths_giant_problem, layout_basic,
          nicolae_vehumet_altar_sigil, uniq_kirke
Temple:   regret_index_temple_mists
Lair:1:   layout_cave_pods, infiniplex_staircase_pool
Lair:2:   layout_small_grid, elwin_shoals_entry_rocks, lemuel_fruit_tree,
          grunt_megastairs_4, uniq_harold
Lair:3:   layout_chaotic_city, ebering_ghost_reflecting_pool,
          portal_ice_cave_rime, uniq_fannar
Lair:4:   layout_regular_city, guppyfry_snake_entry_island
Lair:5:   hangedman_what_comes_after_a, layout_gridlike,
          infiniplex_staircase_pool_2
Lair:6:   minmay_lair_end_enchanted_forest, layout_small_grid,
          minmay_slime_entry_oklob_enclosed, hellmonk_ghost_happy_afterlife,
          minmay_stone_trees_small
Shoals:1: layout_shoals, nicolae_shoals_loop_pool
Shoals:2: layout_shoals, nicolae_shoals_arrival_archipelago
Shoals:3: layout_shoals, gammafunk_ghost_wrathful_warriors,
          nicolae_shoals_water_elemental_grotto
Shoals:4: shoals_end_simple, layout_shoals
Snake:1:  cheibrodos_snake_lava_hold, layout_chambers, uniq_aizul
Snake:2:  layout_basic, serial_curves, eino_curves_03, eino_curves_03,
          nicolae_snake_guarding_the_ruins
Snake:3:  layout_onion, basic_altar, nicolae_snake_serpentine_hallways
Snake:4:  snake_pit, layout_onion, gammafunk_ghost_abyssal_escape
Orc:1:    layout_caves, serial_shops, shop, gammafunk_ghost_arena
Orc:2:    pf_orc_diabolical, layout_caves, uniq_sonja
Elf:1:    layout_geoelf_diagonals, orc_legates
Elf:2:    elven_hall_of_blades_hangedman_original
          [nicolae_blade_entry_floor_patterns], layout_loops_corners,
          serial_shops, shop, uniq_donald
Elf:3:    minmay_elf_hall_quartered_circle, layout_loops_ring,
          nicolae_elf_big_sculpture_1
Vaults:1: not_door_vault_due, v_rooms_4, nicolae_vaults_little_squares_2,
          ontoclasm_vaults_ring_square, vaults_mumra_hexcomb,
          hangedman_vaults_impose, v_misc_4, nicolae_vaults_stairing_the_circle,
          v_misc_15, nicolae_vaults_little_squares_5,
          ontoclasm_vaults_ring_small, v_misc_12,
          ontoclasm_vaults_loading_screen, layout_vaults_chaotic_city,
          enter_trove_0
Depths:1: layout_cave_pools, grunt_metal_band, abyss_entry,
          minmay_misc_feat_diagonals, corexii_hall_statues_l,
          hangedman_decor_clover_reticule, chequers_big_river,
          minmay_stone_trees_medium, kennysheep_generic_room_9
Depths:2: minmay_the_grid_triangle_9x9_rhombus_thin
          [minmay_the_grid_triangle_9x9_longest,
          minmay_the_grid_triangle_9x9_prize_special,
          minmay_the_grid_triangle_9x9_intruding_spiral,
          minmay_the_grid_triangle_9x9_tough_junction], layout_honeycomb,
          enter_ziggurat_b, nicolae_qazlal_scattered_showers, pan_entry,
          hell_entry, infiniplex_staircase_zigzag_2, serial_bayou_shore_a,
          uniq_nikola
Depths:3: lemuel_flame_loot_2, layout_cave_pools, grunt_hell_entry_dis_old,
          chequers_jeans, hangedman_abyss_entry_splay, grunt_gozag_breadcrumbs
Depths:4: evilmike_zot_entry_argh, layout_cave_shapes, minmay_misc_feat_rugged,
          marbit_kobold_abyss_entry, hangedman_tar_grid_catacomb

Skill      XL: |  1  2  3  4  5  6  7  8  9 10 11 12 13 14 15 16 17 18 19 20 21 22 23 |
---------------+----------------------------------------------------------------------+-----
Slings         | 1 2 4 5 |  5.0
Shields        | 4 |  4.0
Fighting       | 4 5 6 8 10 13 15 17 21 | 21.2
Armour         | 4 6 8 10 12 | 12.3
Dodging        | 1 6 7 8 10 14 16 | 16.4
Invocations    | 5 9 12 13 15 | 15.4
Staves         | 4 |  4.1
Maces & Flails | 4 |  4.4
Bows           | 1 11 15 18 20 | 20.0
Axes           | 5 12 16 18 | 18.7
Transmutations | 1 13 | 13.9

Action                   |  1- 3 |  4- 6 |  7- 9 | 10-12 | 13-15 | 16-18 | 19-21 | 22-24 || total
-------------------------+-------+-------+-------+-------+-------+-------+-------+-------++-------
Melee: Flail             |    21 |       |       |       |       |       |       |       ||    21
       Quarterstaff      |       |       |       |       |     8 |    48 |       |       ||    56
       Morningstar       |       |       |       |       |     1 |       |       |       ||     1
       Battleaxe         |       |       |       |       |       |     6 |   164 |     7 ||   177
 Fire: Hunting sling     |    42 |    94 |   251 |   723 |   635 |       |       |       ||  1745
       Longbow           |       |       |       |       |   410 |  1138 |   976 |   877 ||  3401
Throw: Dart              |       |       |       |       |       |     1 |       |       ||     1
Invok: Divine Shield     |       |       |       |     6 |     8 |     2 |     9 |     5 ||    30
       Cleansing Flame   |       |       |       |     6 |    15 |    10 |    14 |     6 ||    51
       Brand Weapon With |       |       |       |       |       |       |       |     1 ||     1
Evoke: Wand              |       |       |       |     5 |    18 |    13 |     5 |     1 ||    42
       Lightning rod     |       |       |       |       |     4 |     3 |       |       ||     7
       Tin of tremorston |       |       |       |       |     2 |     4 |     2 |     4 ||    12
       Phantom mirror    |       |       |       |       |       |     3 |     1 |     1 ||     5
       Box of beasts     |       |       |       |       |       |     2 |       |       ||     2
  Use: Scroll            |       |       |    13 |     9 |     9 |     8 |     3 |    13 ||    55
       Potion            |       |       |       |     1 |     2 |     5 |     6 |     4 ||    18
Armor: Scale mail        |     8 |     5 |    17 |    59 |   192 |   141 |       |       ||   422
       Acid dragon scale |       |       |       |       |    15 |       |       |       ||    15
       Quicksilver drago |       |       |       |       |       |    20 |       |       ||    20
       Fire dragon scale |       |       |       |       |       |     6 |   193 |   133 ||   332
Dodge: Dodged            |    15 |    11 |    16 |   137 |   336 |   244 |   323 |   208 ||  1290
Block: Buckler           |     6 |    10 |     9 |   101 |   141 |       |       |       ||   267
       Other             |       |       |       |       |    17 |    12 |    46 |    17 ||    92

Table legend: (Time is in decaauts)
 A = Elapsed time spent in this place.
 B = Non-inter-level travel time spent in this place.
 C = Inter-level travel time spent in this place.
 D = Time resting spent in this place.
 E = Time spent auto-exploring this place.
 F = Levels seen in this place.
 G = Mean time per level.
                   A        B        C        D        E       F      G
               +--------+--------+--------+--------+--------+-----+--------+
         Total |  54650 |  50985 |   3665 |   6794 |  32223 |  43 | 1270.9 |
       Dungeon |  18041 |  16038 |   2003 |   2239 |  10786 |  15 | 1202.7 |
        Temple |    228 |    206 |     22 |      0 |    182 |   1 |  228.0 |
          Lair |   8896 |   8283 |    613 |   1055 |   5593 |   6 | 1482.7 |
        Shoals |   4205 |   4027 |    178 |    422 |   2320 |   4 | 1051.2 |
     Snake Pit |   6594 |   6380 |    214 |    922 |   4243 |   4 | 1648.5 |
  Orcish Mines |   2442 |   2315 |    127 |    166 |   1569 |   2 | 1221.0 |
   Elven Halls |   3596 |   3417 |    179 |    182 |   2293 |   3 | 1198.7 |
        Vaults |   1036 |   1036 |      0 |      0 |    768 |   1 | 1036.0 |
        Depths |   7005 |   6679 |    326 |    996 |   3715 |   4 | 1751.2 |
         Abyss |    549 |    549 |      0 |     86 |    136 |   1 |  549.0 |
      Ice Cave |   1025 |   1025 |      0 |    194 |    444 |   1 | 1025.0 |
      Gauntlet |   1028 |   1028 |      0 |    529 |    173 |   1 | 1028.0 |
               +--------+--------+--------+--------+--------+-----+--------+

Top non-repeatable levels by time:
Depths:2: 2541 daAuts
  Lair:6: 2138 daAuts
 Snake:1: 2087 daAuts
     D:7: 1990 daAuts
 Snake:2: 1921 daAuts
    D:12: 1842 daAuts
Depths:3: 1646 daAuts
  Lair:5: 1561 daAuts
 Snake:4: 1553 daAuts
  Lair:1: 1510 daAuts
   Orc:2: 1485 daAuts
Depths:1: 1454 daAuts
     D:8: 1372 daAuts
Depths:4: 1363 daAuts
  Lair:4: 1338 daAuts
